 Dungeon Crawl Stone Soup version 0.19.3-1-g3169bf9 (webtiles) character file.

183906 nono the Protected (level 19, -6/128 HPs)
             Began as a Halfling Assassin on Jan 24, 2017.
             Was an Initiate of Uskayaw.
             Drowned by a drowned soul (10 damage)
             ... summoned by a merfolk avatar
             ... on level 3 of the Shoals on Jan 25, 2017.
             The game lasted 03:34:48 (31055 turns).

nono the Protected (Halfling Assassin)             Turns: 31055, Time: 03:34:50

Health: -6/128     AC: 36    Str: 18    XL:     19   Next: 8%
Magic:  25/29      EV: 15    Int:  9    God:    Uskayaw [......]
Gold:   790        SH: 15    Dex: 18    Spells: 5 memorised, 3 levels left

rFire  x . .     SeeInvis +     c - +3 demon blade (venom)
rCold  + . .     Gourm    .     u - +4 plate armour {rN+}
rNeg   + . .     Faith    .     y - +1 shield {AC+3}
rPois  .         Spirit   .     K - +2 helmet {SInv}
rElec  .         Reflect  .     d - +1 cloak {+Inv}
rCorr  .         Harm     .     k - +1 pair of gloves
MR     ++...                    D - +2 pair of boots {run}
Stlth  ..........               W - amulet of regeneration
                                I - ring of protection from magic
                                S - ring of ice

@: very slightly contaminated, studying Invocations, invisible, quick
A: mutation resistance 1
a: Renounce Religion, Turn Visible


You were on level 3 of the Shoals.
You worshipped Uskayaw.
Uskayaw was pleased with you.
You were near starving.

You visited 7 branches of the dungeon, and saw 32 of its levels.
You visited the Abyss 1 time.
You also visited: Bailey.

You collected 3198 gold pieces.
You spent 2408 gold pieces at shops.

Inventory:

Hand Weapons
 a - a +2 scimitar of flaming
 c - a +3 demon blade of venom (weapon)
 h - the +3 double sword of Qyoplop {elec, rF++ rN+}
   (You acquired it on level 8 of the Dungeon)

   Occasionally, upon striking a foe, it will discharge some electrical energy
   and cause terrible harm.
   It greatly protects you from fire.
   It protects you from negative energy.
 q - a +0 blowgun
 E - a +3 dagger
Missiles
 e - 92 poisoned needles
 i - 10 curare-tipped needles
Armour
 d - a +1 cloak of invisibility (worn)
 k - a +1 pair of gloves (worn)
 u - a +4 plate armour of positive energy (worn)
 y - a +1 shield of protection (worn)
 A - a +1 plate armour of fire resistance
 D - a +2 pair of boots of running (worn)
 G - a +2 hat of intelligence
 K - a +2 helmet of see invisible (worn)
Jewellery
 b - an uncursed ring of poison resistance
 f - an uncursed ring of ice
 j - a +5 ring of evasion
 s - the ring of the Oracle {rF- rN++ Str+3 SInv Stlth+}
   (You found it on level 2 of the Shoals)

   [ring of see invisible]

   It affects your strength (+3).
   It makes you vulnerable to fire.
   It greatly protects you from negative energy.
   It lets you see invisible.
   It makes you more stealthy.
 I - a ring of protection from magic (right hand)
 L - an uncursed ring of protection from fire
 P - a +6 ring of dexterity
 S - a ring of ice (left hand)
 T - a +4 ring of protection
 W - an amulet of regeneration (around neck)
 Z - an uncursed amulet of rage
Wands
 t - a wand of iceblast (5/15)
 F - a wand of disintegration (13/24)
 R - a wand of lightning (10/15)
 X - a wand of acid (15/15)
Scrolls
 m - 21 scrolls of remove curse
 n - a scroll of identify
 r - a scroll of blinking
 w - 3 scrolls of magic mapping
 z - 2 scrolls of recharging
 B - a scroll of enchant armour
 J - 5 scrolls of teleportation
Potions
 p - a potion of invisibility
 v - 6 potions of magic
 x - 2 potions of cure mutation
 N - a potion of curing
 O - 2 potions of berserk rage
Books
 Q - a manual of Invocations
Miscellaneous
 H - a phial of floods (inert)
 V - 2 sacks of spiders
 Y - a lamp of fire (inert)
Comestibles
 g - 21 bread rations
 o - 13 meat rations
 C - 19 royal jellies
 M - 23 beef jerkies
 U - a fruit


   Skills:
 - Level 11.0 Fighting
 - Level 2.4(11.2) Short Blades
 - Level 13.9(14.0) Long Blades
 - Level 2.0 Throwing
 - Level 14.4 Armour
 - Level 12.4 Dodging
 - Level 7.7 Stealth
 - Level 13.0 Shields
 - Level 1.4 Charms
 - Level 13.7 Invocations
 * Level 9.9 Evocations


You had 3 spell levels left.
You knew the following spells:

 Your Spells              Type           Power        Failure   Level  Hunger
a - Confuse               Hex            #.......     100%        3    ####...
b - Regeneration          Chrm/Necr      #.........   100%        3    ####...
c - Silence               Hex/Air        #.........   100%        5    ######.
d - Blink                 Tloc           N/A          100%        2    ###....
e - Repel Missiles        Chrm/Air       #.....       100%        2    ###....


Dungeon Overview and Level Annotations

Branches:
Dungeon (15/15)            Temple (1/1) D:4            Lair (6/6) D:10
 Shoals (4/4) Lair:3       Spider (3/4) Lair:2        Slime (0/5) Lair:5
    Orc (2/2) D:10            Elf (0/3) Orc:2        Vaults (0/5) D:13
 Depths (1/5) D:15

Altars:
Ashenzari
Cheibriados
Dithmenos
Elyvilon
Fedhas
Gozag
Hepliaklqana
Kikubaaqudgha
Makhleb
Nemelex Xobeh
Okawaru
Qazlal
Ru
Sif Muna
Trog
Uskayaw
Vehumet
Xom
Yredelemnul
Zin
The Shining One

Shops:
D:8 %   Orc:2 ([*=   Shoals:1 *

Annotations:
D:7 exclusion: oklob plant
Shoals:4 Ilsuiw
Spider:3 Jorgrun, Mara


Innate Abilities, Weirdness & Mutations

You are small and have problems with some larger weapons.
You are somewhat resistant to further mutation.


Message History

* * * LOW HITPOINT WARNING * * *
You block the drowned soul's attack.
The merfolk avatar chants its luring song.
You feel better. The drowned soul touches you. The drowned soul drowns you!
* * * LOW HITPOINT WARNING * * *
The merfolk avatar chants its luring song.
Unknown command.
Okay, then.
Evoke which item? (* to show all) (? for menu, Esc to quit)
Aim the phial where?
Press: ? - help, Shift-Dir - straight line, f - merfolk avatar
Aim: a merfolk avatar (water, severely wounded, poisoned, mesmerising)
The great wave of water hits the merfolk avatar.
The merfolk avatar is almost dead.
The merfolk avatar is knocked back by the great wave of water.
The wave splashes down.
The water rises up and takes form.
Jolted by the loud noise, you snap out of your trance!
You break out of your daze!
The drowned soul touches you. The drowned soul drowns you!
You die...

≈≈≈≈≈≈≈≈≈≈≈≈≈≈≈P.P.#######..≈≈≈≈≈
≈≈≈≈≈≈≈≈≈≈≈≈≈P≈≈≈≈......#P.PPP≈≈≈
≈≈≈≈≈≈≈≈≈≈≈≈≈≈≈≈≈≈≈..≈P.PP..PP≈≈≈
≈≈≈≈≈≈≈≈≈≈≈≈.≈P.≈≈...≈..≈P≈PP≈≈≈≈
≈....≈≈≈≈≈≈≈.P...≈.≈≈≈≈.≈≈PPPP≈≈≈
≈..##..≈≈≈.....≈≈≈≈≈≈≈≈P≈≈PPP≈≈≈≈
≈.###.......#..≈≈≈mW≈W≈≈≈≈P≈PP≈≈≈
≈≈≈.≈≈.......>≈≈E≈≈≈≈≈≈≈≈≈≈P≈≈≈≈≈
≈≈≈≈≈≈≈.......≈≈@≈W≈≈≈≈≈≈≈≈≈≈≈≈≈≈
≈≈≈≈≈≈≈..≈≈....≈≈E≈≈≈≈≈≈≈≈≈≈≈P≈≈≈
≈≈≈≈≈≈.........#..≈≈≈.[.≈≈≈≈≈≈...
≈≈≈≈.≈.###.....##..≈≈≈..≈≈≈≈≈# #
≈≈≈≈≈≈..##.....#..≈≈≈≈≈≈≈≈≈≈.#
≈≈≈≈≈≈≈...........≈≈≈≈≈≈≈≈...#
≈≈≈..≈...≈≈......≈≈≈≈≈≈≈(##### #
≈≈.≈≈≈....≈.....≈≈≈≈≈≈≈..## ##
≈≈≈≈≈≈...≈.###..≈≈≈≈≈.....######.


You could see a merfolk avatar, 3 drowned souls and 2 friendly water elementals.

Vanquished Creatures
  Nikola (Shoals:1)
  Polyphemus (Shoals:2)
  A kraken (Shoals:1)
  Agnes (Spider:2)
  Kirke (Shoals:1)
  Donald (Shoals:1)
  The ghost of Sagrath01 the Severer, a journeyman HOFi of Okawaru (Spider:1)
  An emperor scorpion (Lair:2)
  Louise (D:15)
  4 orc warlords
  2 minotaurs
  A merfolk javelineer (Shoals:4)
  Fannar (Lair:2)
  3 ogre magi
  A yaktaur captain (D:15)
  3 merfolk impalers
  8 vault guards (D:13)
  A rakshasa (Abyss:3)
  5 hydras
  An alligator snapping turtle (Shoals:2)
  3 satyrs
  4 centaur warriors (D:15)
  2 catoblepae
  A merfolk avatar (Shoals:4)
  2 merfolk aquamancers
  2 tengu warriors
  A death knight (D:13)
  7 death yaks
  4 orc high priests
  Urug (D:10)
  Nergalle (Orc:1)
  A hell knight (D:15)
  An unseen horror (D:11)
  An unseen horror (shapeshifter) (Abyss:3)
  2 wizards
  A large abomination (Abyss:3)
  A phantasmal warrior (Depths:1)
  10 sea snakes
  6 hill giants
  A deep elf archer (D:15)
  19 harpies
  5 orb spiders
  4 ugly things
  13 fauns
  7 orc sorcerers
  5 orc knights
  10 manticores
  5 wolf spiders
  3 black mambas (Lair:6)
  Maurice (D:8)
  6 cyclopes
  8 elephants
  2 water nymphs
  8 sirens
  A smoke demon (Abyss:3)
  5 spiny frogs
  2 orange demons (Abyss:3)
  A kobold demonologist (D:15)
  2 rime drakes
  10 demonic crawlers
  2 efreet
  7 komodo dragons
  8 yaktaurs (D:11)
  9 polar bears
  A queen bee (D:12)
  14 jumping spiders
  7 two-headed ogres
  16 merfolk
  6 meliai
  An ancient zyme (Abyss:3)
  6 trolls
  5 wind drakes
  Prince Ribbit (D:7)
  A hornet (D:7)
  4 raiju
  10 hippogriffs
  2 snapping turtles
  3 dream sheep
  4 slime creatures (D:13)
  14 blink frogs
  24 redbacks
  4 flying skulls (Abyss:3)
  15 tarantellas
  Eustachio (D:6)
  A hill giant zombie (D:10)
  A shadow (D:13)
  30 yaks
  A ynoxinul (Abyss:3)
  6 water elementals
  4 wraiths
  A wyvern (D:15)
  5 hogs (Shoals:1)
  2 basilisks
  A fire bat (Abyss:3)
  A human (Shoals:1)
  4 vampire mosquitoes (Lair:3)
  2 hungry ghosts (D:10)
  A chaos spawn (Abyss:3)
  2 mottled dragons
  An insubstantial wisp (Lair:3)
  10 wargs
  8 water moccasins
  Duvessa (D:7)
  7 porcupines
  5 hell hounds (Lair:6)
  61 orc warriors
  2 sky beasts
  13 black bears (Lair:6)
  2 necrophages
  3 eyes of draining
  3 phantoms
  4 ice beasts
  22 ogres
  15 wolves
  7 centaurs
  3 boggarts (D:14)
  12 crocodiles
  2 big kobolds
  12 bullfrogs
  Dowan (D:7)
  2 wyvern zombies
  3 troll zombies (D:10)
  6 small abominations (Abyss:3)
  5 scorpions
  27 killer bees
  A troll skeleton (D:11)
  7 wights
  3 spriggan skeletons (D:11)
  5 crimson imps
  A howler monkey (D:4)
  A lava snake (D:8)
  4 bullfrog zombies
  4 starcursed masses (Abyss:3)
  Crazy Yiuf (D:2)
  A bullfrog skeleton (D:11)
  19 hounds
  4 jellies
  32 orc wizards
  34 orc priests
  A quasit (D:12)
  A gnoll shaman (D:6)
  7 centaur skeletons
  4 iguanas
  10 worker ants
  Natasha (thrice) (D:4 D:6)
  2 ogre zombies (D:10)
  A hound skeleton (D:7)
  28 gnolls
  A howler monkey skeleton (D:6)
  10 adders
  3 shadow imps
  An ufetubus (Abyss:3)
  2 oozes
  An adder skeleton (D:7)
  3 worms
  2 dart slugs
  2 leopard geckos
  137 orcs
  3 giant cockroaches
  21 goblins
  27 hobgoblins
  4 jackals
  19 kobolds
  3 quokkas
  2 ball pythons
  6 bats
  3 frilled lizards
  A goblin skeleton (D:10)
  A goblin zombie (D:10)
  4 hobgoblin skeletons (D:10)
  4 hobgoblin zombies (D:10)
  9 orc zombies (D:10)
  5 rats
  A fungus (Lair:1)
  2 plants
  4 tentacles (Shoals:1)
1127 creatures vanquished.

Vanquished Creatures (collateral kills)
  A death knight (D:15)
  A two-headed ogre (D:11)
  A tarantella (Spider:2)
  An electric eel (D:11)
4 creatures vanquished.

Vanquished Creatures (others)
  A merfolk avatar (Shoals:3)
  A sea snake (Shoals:4)
  A jumping spider (Spider:2)
  A merfolk (Shoals:3)
  4 bushes (Lair:6)
  8 fungi
  41 plants
  8 starspawn tentacles (Abyss:3)
  6 tentacles (Shoals:1)
71 creatures vanquished.

Grand Total: 1202 creatures vanquished

Notes
Turn   | Place    | Note
-------+----------+-------------------------------------------
     0 | D:1      | nono the Halfling Assassin began the quest for the Orb.
     0 | D:1      | Reached XP level 1. HP: 14/14 MP: 1/1
   191 | D:1      | Reached XP level 2. HP: 10/19 MP: 2/2
   359 | D:1      | Reached XP level 3. HP: 20/24 MP: 3/3
   457 | D:2      | Reached skill level 5 in Stealth
  1048 | D:2      | Found a runed door.
  1053 | D:2      | Noticed Crazy Yiuf
  1063 | D:2      | Killed Crazy Yiuf
  1063 | D:2      | Reached XP level 4. HP: 29/29 MP: 4/4
  1169 | D:3      | Found a shadowy altar of Dithmenos.
  1353 | D:3      | Reached XP level 5. HP: 27/34 MP: 3/5
  1354 | D:3      | Reached skill level 1 in Armour
  2086 | D:4      | Noticed Natasha
  2092 | D:4      | Reached skill level 2 in Armour
  2099 | D:4      | Killed Natasha
  2180 | D:4      | Found a radiant altar of Vehumet.
  2230 | D:4      | Reached XP level 6. HP: 26/39 MP: 3/6
  2497 | D:4      | Noticed an ogre
  2513 | D:4      | Killed an ogre
  2513 | D:4      | Reached skill level 3 in Armour
  2559 | D:4      | Reached skill level 5 in Dodging
  2573 | D:4      | Reached XP level 7. HP: 34/44 MP: 7/7
  2583 | D:4      | Found a staircase to the Ecumenical Temple.
  2625 | Temple   | Entered the Ecumenical Temple
  2684 | Temple   | Became a worshipper of Uskayaw the Reveler
  2792 | D:4      | Reached * piety under Uskayaw
  2803 | D:4      | Reached ** piety under Uskayaw
  2991 | D:4      | Reached skill level 4 in Armour
  3318 | D:5      | Entered Level 5 of the Dungeon
  3427 | D:5      | Reached skill level 5 in Armour
  3477 | D:5      | Reached *** piety under Uskayaw
  3478 | D:5      | Reached XP level 8. HP: 34/49 MP: 6/8
  3828 | D:5      | Found a hazy altar of Hepliaklqana.
  4191 | D:6      | Noticed Natasha
  4200 | D:6      | Killed Natasha
  4300 | D:6      | Reached skill level 1 in Long Blades
  4300 | D:6      | Reached skill level 1 in Invocations
  4813 | D:6      | Noticed Natasha
  4826 | D:6      | Killed Natasha
  4944 | D:6      | Reached **** piety under Uskayaw
  5224 | D:6      | Noticed Eustachio
  5258 | D:6      | Killed Eustachio
  5491 | D:6      | Reached XP level 9. HP: 50/54 MP: 9/11
  5522 | D:7      | Found a hazy altar of Hepliaklqana.
  5522 | D:7      | Noticed an oklob plant
  5562 | D:7      | Noticed Duvessa
  5562 | D:7      | Noticed Dowan
  5562 | D:7      | Noticed a hippogriff
  5564 | D:7      | Noticed a hornet
  5702 | D:7      | Killed a hornet
  5702 | D:7      | Reached skill level 5 in Invocations
  5705 | D:7      | Killed Duvessa
  5705 | D:7      | Reached skill level 5 in Long Blades
  5705 | D:7      | Reached ***** piety under Uskayaw
  5711 | D:7      | Killed Dowan
  5715 | D:7      | Reached ****** piety under Uskayaw
  5779 | D:7      | Killed a hippogriff
  5998 | D:7      | Found a blossoming altar of Fedhas.
  6069 | D:7      | Noticed Prince Ribbit
  6088 | D:7      | Killed Prince Ribbit
  6100 | D:7      | Found a glowing silver altar of Zin.
  6101 | D:7      | Noticed an angel
  6295 | D:7      | Reached XP level 10. HP: 60/60 MP: 15/15
  6456 | D:8      | Found a bloodstained altar of Trog.
  6609 | D:8      | Reached skill level 6 in Armour
  6626 | D:8      | Found Qanit's Food Shoppe.
  6829 | D:8      | Noticed Maurice
  6852 | D:8      | Killed Maurice
  6860 | D:8      | Identified 2 scrolls of acquirement
  6872 | D:8      | Got a polished double sword
  6873 | D:8      | Identified the +3 double sword of Qyoplop {elec, rF++ rN+} (You acquired it on level 8 of the Dungeon)
  7529 | D:9      | Found a sacrificial altar of Ru.
  7533 | D:9      | Found a burning altar of Makhleb.
  8115 | D:10     | Entered Level 10 of the Dungeon
  8208 | D:10     | Learned a level 3 spell: Confuse
  8269 | D:10     | Noticed Urug
  8282 | D:10     | Killed Urug
  8282 | D:10     | Reached skill level 7 in Armour
  8282 | D:10     | Reached XP level 11. HP: 38/64 MP: 17/17
  8332 | D:10     | Found a staircase to the Orcish Mines.
  8587 | D:10     | Found a staircase to the Lair.
  8620 | Lair:1   | Entered Level 1 of the Lair of Beasts
  8792 | Lair:1   | Reached skill level 8 in Armour
  9074 | Lair:1   | Reached skill level 10 in Long Blades
  9224 | Lair:1   | Reached skill level 10 in Invocations
  9425 | Lair:2   | Reached XP level 12. HP: 18/71 MP: 19/19
  9554 | Lair:2   | Noticed a four-headed hydra
  9798 | Lair:2   | Noticed Fannar
  9824 | Lair:2   | Killed Fannar
  9933 | Lair:2   | Reached skill level 5 in Fighting
 10494 | Lair:3   | Found a staircase to the Shoals.
 10958 | Lair:4   | Reached skill level 1 in Shields
 11153 | Lair:5   | Found a staircase to the Slime Pits.
 11161 | Lair:5   | Got an encrusted leather armour
 11172 | Lair:5   | Identified the +4 leather armour "Guhan" {rC- Regen+ Str-3 SInv} (You found it on level 5 of the Lair of Beasts)
 11364 | Lair:5   | Reached skill level 5 in Shields
 11572 | Lair:5   | Learned a level 3 spell: Regeneration
 11739 | Lair:6   | Entered Level 6 of the Lair of Beasts
 11739 | Lair:6   | Noticed an eight-headed hydra
 11807 | Lair:6   | Reached XP level 13. HP: 81/86 MP: 20/20
 12029 | Lair:6   | Reached skill level 10 in Shields
 12442 | Lair:6   | Noticed a four-headed hydra
 12463 | Lair:6   | Killed a one-headed hydra
 12603 | Lair:6   | Noticed a six-headed hydra
 12624 | Lair:6   | Killed a three-headed hydra
 12642 | Lair:6   | Noticed a catoblepas
 12681 | Lair:6   | Killed a catoblepas
 12745 | Lair:6   | Got a brightly glowing rapier
 12746 | Lair:6   | Identified the +2 rapier of Duenuno {pierce, Dex+4 SInv} (You found it on level 6 of the Lair of Beasts)
 12903 | Lair:6   | Noticed a five-headed hydra
 12924 | Lair:6   | Killed a one-headed hydra
 12924 | Lair:6   | Reached skill level 9 in Armour
 13054 | Lair:6   | Killed a one-headed hydra
 13123 | Lair:6   | Reached XP level 14. HP: 92/92 MP: 21/21
 13124 | Lair:6   | Reached skill level 10 in Armour
 13133 | Lair:6   | Reached skill level 12 in Armour
 13133 | Lair:6   | Reached XP level 15. HP: 97/97 MP: 22/22
 13730 | Lair:2   | Found a hole to the Spider Nest.
 13754 | Lair:2   | Reached skill level 13 in Armour
 14174 | Orc:1    | Entered Level 1 of the Orcish Mines
 14178 | Orc:1    | Noticed Nergalle
 14205 | Orc:1    | Killed Nergalle
 14563 | Orc:1    | Noticed an orc warlord
 14823 | D:10     | Killed an orc warlord
 15094 | Orc:2    | Entered Level 2 of the Orcish Mines
 15244 | Orc:2    | Reached skill level 14 in Armour
 15476 | Orc:2    | Found a staircase to the Elven Halls.
 15601 | Orc:2    | Reached skill level 10 in Dodging
 16020 | Orc:2    | Noticed an orc warlord
 16091 | Orc:2    | Killed an orc warlord
 16739 | Orc:1    | Noticed an orc warlord
 16801 | Orc:1    | Killed an orc warlord
 17901 | Orc:2    | Found Jogudaod's General Store.
 17907 | Orc:2    | Found Caybeid's Antique Armour Boutique.
 17908 | Orc:2    | Found Usmell's Antique Weapon Shop.
 17911 | Orc:2    | Found Pinubub's Jewellery Boutique.
 17936 | Orc:2    | Bought a scroll of teleportation for 36 gold pieces
 17943 | Orc:2    | Bought a +5 ring of evasion for 715 gold pieces
 19516 | D:11     | Reached XP level 16. HP: 104/108 MP: 24/24
 20018 | D:11     | Learned a level 5 spell: Silence
 20039 | D:11     | Identified a +0 pair of boots of running (You found it on level 11 of the Dungeon)
 20160 | D:12     | Learned a level 2 spell: Blink
 20863 | D:13     | Found a flagged portal.
 20981 | Bailey   | Entered a bailey
 21704 | Bailey   | Identified the Volume of Flying Contamination
 21708 | Bailey   | Learned a level 2 spell: Repel Missiles
 21929 | D:13     | Found a gate to the Vaults.
 22119 | D:13     | Noticed a fire giant
 23149 | D:14     | Paralysed by a wizard for 4 turns
 23398 | D:15     | Entered Level 15 of the Dungeon
 23714 | D:15     | Found a staircase to the Depths.
 23724 | D:15     | Reached XP level 17. HP: 113/113 MP: 25/25
 23826 | Depths:1 | Entered Level 1 of the Depths
 23879 | D:15     | Noticed Louise
 23897 | D:15     | Cast into level 3 of the Abyss (Louise)
 23967 | Abyss:3  | Noticed a tentacled starspawn
 24132 | Abyss:3  | Paralysed by accursed screaming for 1 turns
 24137 | Abyss:3  | Noticed an Executioner
 24140 | Abyss:3  | Paralysed by a floating eye for 3 turns
 24141 | Abyss:3  | HP: 4/113 [disintegration (25)]
 24194 | Abyss:3  | Noticed a bone dragon
 24211 | Abyss:3  | Noticed a tentacled starspawn
 24330 | Abyss:3  | Found a snail-covered altar of Cheibriados.
 24461 | D:15     | Escaped the Abyss
 24492 | D:15     | Killed Louise
 24576 | D:15     | Reached skill level 10 in Fighting
 25344 | Spider:1 | Entered Level 1 of the Spider Nest
 25641 | Spider:1 | Noticed Sagrath01's ghost (journeyman HOFi)
 25675 | Spider:1 | Killed Sagrath01's ghost
 26724 | Spider:2 | Noticed Agnes
 26741 | Spider:2 | Killed Agnes
 26741 | Spider:2 | Reached skill level 1 in Charms
 27645 | Spider:3 | Noticed Jorgrun
 27647 | Spider:3 | Noticed Mara
 27809 | Shoals:1 | Entered Level 1 of the Shoals
 27822 | Shoals:1 | Noticed Donald
 27847 | Shoals:1 | Killed Donald
 27988 | Shoals:1 | Found Imycziu's Incredible Inventory.
 28020 | Shoals:1 | Reached XP level 18. HP: 108/124 MP: 27/27
 28022 | Shoals:1 | Noticed Kirke
 28045 | Shoals:1 | Killed Kirke
 28065 | Shoals:1 | Bought a manual of Invocations for 1545 gold pieces
 28065 | Shoals:1 | Bought a potion of invisibility for 112 gold pieces
 28209 | Shoals:1 | Noticed Nikola
 28243 | Shoals:1 | Killed Nikola
 28332 | Shoals:1 | Reached skill level 1 in Evocations
 28390 | Shoals:1 | Noticed a kraken
 28424 | Shoals:1 | Killed a kraken
 28880 | Shoals:2 | Reached skill level 5 in Evocations
 28886 | Shoals:2 | Noticed Polyphemus
 28931 | Shoals:2 | Killed Polyphemus
 29264 | Shoals:2 | Got a scintillating copper ring
 29266 | Shoals:2 | Identified the ring of the Oracle {rF- rN++ Str+3 SInv Stlth+} (You found it on level 2 of the Shoals)
 30288 | Shoals:4 | Entered Level 4 of the Shoals
 30728 | Shoals:4 | Reached XP level 19. HP: 90/128 MP: 27/29
 30916 | Shoals:4 | Noticed Ilsuiw
 31054 | Shoals:3 | HP: 3/128 [drowned by a drowned soul[a merfolk avatar] (14)]
 31055 | Shoals:3 | Drowned by a drowned soul

Skill      XL: |  1  2  3  4  5  6  7  8  9 10 11 12 13 14 15 16 17 18 |
---------------+-------------------------------------------------------+-----
Dodging        | 2 3 4 5 6 8 9 10 11 12 | 12.4
Stealth        | 5 7 |  7.7
Armour         | 2 3 5 7 8 9 12 14 | 14.4
Long Blades    | 3 6 8 10 11 13 | 13.9
Invocations    | 3 7 9 10 11 12 13 | 13.7
Fighting       | 2 7 9 11 | 11.0
Shields        | 7 10 11 12 13 | 13.0
Charms         | 1 |  1.4
Evocations     | 9 |  9.9
Short Blades   | |  2.4
Throwing       | |  2.0

Action                   |  1- 3 |  4- 6 |  7- 9 | 10-12 | 13-15 | 16-18 | 19-21 || total
-------------------------+-------+-------+-------+-------+-------+-------+-------++-------
Melee: Dagger            |    77 |   160 |   298 |       |       |    14 |     3 ||   552
       Whip              |       |       |    23 |       |       |       |       ||    23
       Rapier            |       |       |   102 |   100 |   568 |   445 |       ||  1215
       Double sword      |       |       |       |   416 |   131 |       |       ||   547
       Scimitar          |       |       |       |       |   766 |    58 |       ||   824
       Short sword       |       |       |       |       |   173 |   114 |       ||   287
       Demon blade       |       |       |       |       |       |  1864 |    39 ||  1903
 Fire: Blowgun           |     4 |     7 |    12 |     4 |       |     3 |       ||    30
Invok: Line Pass         |       |       |     1 |       |     2 |     5 |     1 ||     9
       Grand Finale      |       |       |       |       |     1 |     1 |       ||     2
       Stomp             |       |       |       |       |       |       |     1 ||     1
 Abil: Evoke Invisibilit |       |       |       |       |       |     6 |     2 ||     8
       Turn Visible      |       |       |       |       |       |       |     1 ||     1
Evoke: Wand              |       |       |     1 |       |     3 |     1 |       ||     5
       Sack of spiders   |       |       |       |       |       |     8 |       ||     8
       Phial of floods   |       |       |       |       |       |     2 |     1 ||     3
       Lamp of fire      |       |       |       |       |       |       |     1 ||     1
  Use: Scroll            |     2 |       |     1 |    14 |     4 |    30 |       ||    51
       Potion            |       |       |     3 |     5 |     8 |    25 |     1 ||    42
 Stab: Sleeping          |     4 |     4 |     3 |     6 |       |       |       ||    17
       Paralysed         |       |       |    11 |    39 |    90 |   106 |     2 ||   248
       Confused          |       |       |     1 |       |       |     2 |       ||     3
       Petrified         |       |       |       |       |     5 |       |       ||     5
       Invisible         |       |       |       |       |     1 |    48 |     7 ||    56
  Eat: Chunk             |       |     5 |    13 |    17 |    27 |    34 |       ||    96
       Pizza             |       |       |       |     2 |     1 |     2 |       ||     5
       Fruit             |       |       |       |       |       |     6 |     1 ||     7
       Beef jerky        |       |       |       |       |       |     1 |       ||     1
Armor: Robe              |    10 |       |       |       |       |       |       ||    10
       Ring mail         |     8 |    35 |       |       |       |       |       ||    43
       Scale mail        |       |       |   172 |   183 |   228 |       |       ||   583
       Plate armour      |       |       |       |       |   417 |   977 |    26 ||  1420
Dodge: Dodged            |    65 |   121 |   371 |   410 |   784 |  1116 |    17 ||  2884
Block: Shield            |       |       |       |       |  1007 |  1540 |    45 ||  2592
       Rpst.: Double sword |       |       |       |    87 |    36 |       |       ||   123
       Scimitar          |       |       |       |       |    92 |     9 |       ||   101
       Demon blade       |       |       |       |       |       |   141 |     2 ||   143
